 Dungeon Crawl Stone Soup version 0.31-a0-1159-g800acc2fd1 (webtiles) character file.

Game seed: 18049092554445123764

64194 James the Brawler (level 15, -2/103 HPs)
             Began as an Octopode Shapeshifter on Dec 8, 2023.
             Was a High Priest of Uskayaw.
             Slain by a boulder beetle (6 damage)
             ... on level 10 of the Dungeon.
             The game lasted 01:00:33 (23881 turns).

James the Brawler (Octopode Shapeshifter)          Turns: 23881, Time: 01:00:34

Health: -2/103     AC: 17    Str: 19    XL:     15   Next: 12%
Magic:  15/15      EV: 22    Int: 15    God:    Uskayaw [*****.]
Gold:   1416       SH:  0    Dex: 13    Spells: 14/14 levels left

rFire   . . .        b - melded +7 sling of James's Extinguishment {freeze, rElec rF+ Stlth+}
rCold   + . .        (shield currently unavailable)
rNeg    . . .        J - +2 hat
rPois   +            p - amulet of the acrobat
rElec   .            r - ring of resist corrosion
rCorr   +            l - +4 ring of protection
SInv    +            k - +5 ring of evasion
Will    +....        z - ring of see invisible
Stlth   ++           L - ring "Cekkikka" {rPois AC+6}
HPRegen 0.37/turn    T - +4 ring of protection
MPRegen 0.14/turn    U - +2 ring of strength
                     o - ring of protection from cold

%: acrobat
@: blade tentacles
A: almost no armour, amphibious, 8 rings, camouflage 1, gelatinous body 1,
(nimble swimmer 1), tentacles
a: Begin Untransformation, Renounce Religion, Stomp, Line Pass, Grand Finale


You were on level 10 of the Dungeon.
You worshipped Uskayaw.
Uskayaw was noncommittal.
You had blades for main tentacles.
You visited 3 branches of the dungeon, and saw 18 of its levels.

You collected 2522 gold pieces.
You spent 1106 gold pieces at shops.

Inventory:

Hand Weapons
 b - the +7 sling of James's Extinguishment (melded) {freeze, rElec rF+ Stlth+}
   (You found it on level 5 of the Dungeon)

   rF+:       It protects you from fire.
   rElec:     It insulates you from electricity.
   Stlth+:    It makes you more stealthy.
 C - the +4 falchion of Jeur {freeze, Will+ Str+4 SInv}
   (You found it on level 9 of the Dungeon)

   Str+4:     It affects your strength (+4).
   Will+:     It increases your willpower.
   SInv:      It lets you see invisible.
 H - the +8 spear of Inference {drain, rElec}
   (You took it off an orc on level 3 of the Dungeon)

   rElec:     It insulates you from electricity.
Missiles
 s - 9 throwing nets {!f}
 F - 18 poisoned darts
 I - 5 boomerangs
 K - 5 javelins
Armour
 e - a +0 buckler
   (You found it on level 2 of the Lair of Beasts)
 J - a +2 hat (worn)
   (You took it off Gastronok on level 8 of the Dungeon)
Magical Staves
 M - a staff of death
   (You found it on level 2 of the Lair of Beasts)
Jewellery
 k - a +5 ring of evasion (on tentacle)
   (You found it on level 4 of the Dungeon)
 l - a +4 ring of protection (right blade tentacle)
   (You found it on level 3 of the Dungeon)
 m - a ring of fire
   (You found it on level 4 of the Dungeon)
 o - a ring of protection from cold (on tentacle)
   (You found it on level 4 of the Lair of Beasts)
 p - an amulet of the acrobat (around mantle)
   (You found it on level 3 of the Dungeon)
 r - a ring of resist corrosion (left blade tentacle)
   (You found it on level 1 of the Dungeon)
 z - a ring of see invisible (on tentacle)
   (You found it on level 5 of the Dungeon)
 B - a ring of fire
   (You found it on level 1 of the Lair of Beasts)
 L - the ring "Cekkikka" (on tentacle) {rPois AC+6}
   (You bought it in a shop on level 10 of the Dungeon)

   [ring of protection]

   AC+6:      It affects your AC (+6).
   rPois:     It protects you from poison
 T - a +4 ring of protection (on tentacle)
   (You found it on level 4 of the Lair of Beasts)
 U - a +2 ring of strength (on tentacle)
   (You bought it in a shop on level 10 of the Dungeon)
 V - the amulet of Feihu {Faith Drain Fly rC+++ Will+}
   (You found it on level 4 of the Lair of Beasts)

   [amulet of faith]

   Faith:     It allows you to gain divine favour quickly.
   rC+++:     It renders you almost immune to cold.
   Will+:     It increases your willpower.
   Fly:       It grants you flight.
   Drain:     It drains your maximum health when unequipped.
Talismans
 c - a flux talisman
 j - a beast talisman
 G - a blade talisman (active)
   (You found it on level 6 of the Dungeon)
 Y - the maw talisman "Ymoites" {rElec rF+ Str+3}
   (You found it on level 5 of the Lair of Beasts)

   [maw talisman]

   Str+3:     It affects your strength (+3).
   rF+:       It protects you from fire.
   rElec:     It insulates you from electricity.
Wands
 d - a wand of iceblast (34)
   (You found it on level 6 of the Dungeon)
 t - a wand of flame (9)
   (You found it on level 1 of the Lair of Beasts)
 u - a wand of paralysis (36)
   (You found it on level 5 of the Dungeon)
 v - a wand of digging (4)
   (You found it on level 11 of the Dungeon)
 x - a wand of acid (6)
   (You took it off Maurice on level 8 of the Dungeon)
 N - a wand of polymorph (5)
   (You found it on level 5 of the Lair of Beasts)
Scrolls
 n - 11 scrolls of teleportation {@r4}
 y - 4 scrolls of fog
 A - 2 scrolls of revelation
 E - a scroll of identify {@r1}
 P - a scroll of enchant armour
 Q - a scroll of torment {!r}
 S - a scroll of immolation {!r}
 W - a scroll of poison
 X - a scroll of blinking
Potions
 a - 4 potions of lignification {!q}
 f - 4 potions of heal wounds {@q2}
 g - 4 potions of curing {@q1}
 h - 5 potions of cancellation
 i - 3 potions of haste {@q3}
 q - a potion of mutation {!q}
 w - 3 potions of brilliance
 D - a potion of might
 O - a potion of enlightenment
 R - a potion of ambrosia


   Skills:
 - Level 10.0 Fighting
 - Level 9.0 Dodging
 - Level 17.0 Unarmed Combat
 + Level 14.8 Shapeshifting


You had 14 spell levels left.
You didn't know any spells.
Your spell library contained the following spells:

 Spells                   Type           Power      Damage    Failure   Level
 Apportation              Tloc           0%         N/A       26%         1
 Magic Dart               Conj           0%         1d3       26%         1
 Necrotise                Necr           0%         1d4       26%         1
 Sting                    Tmut/Pois      0%         1d3       26%         1
 Summon Small Mammal      Summ           0%         N/A       26%         1
 Blink                    Tloc           0%         N/A       38%         2
 Call Imp                 Summ           0%         N/A       38%         2
 Cigotuvi's Dreadful Rot  Necr/Pois/Air  0%         N/A       38%         2
 Ensorcelled Hibernation  Hex/Ice        0%         N/A       38%         2
 Jinxbite                 Hex            0%         N/A       38%         2
 Lesser Beckoning         Tloc           0%         N/A       38%         2
 Momentum Strike          Conj/Tloc      0%         3d8       38%         2
 Passwall                 Tmut/Erth      0%         N/A       38%         2
 Poisonous Vapours        Pois/Air       0%         N/A       38%         2
 Sublimation of Blood     Necr           0%         N/A       38%         2
 Wereblood                Tmut           0%         N/A       38%         2
 Frozen Ramparts          Ice            0%         1d1       63%         3
 Ignite Poison            Fire/Tmut/Pois 0%         N/A       63%         3
 Inner Flame              Hex/Fire       0%         N/A       63%         3
 Mephitic Cloud           Conj/Pois/Air  0%         N/A       63%         3
 Swiftness                Air            0%         N/A       63%         3
 Flame Wave               Conj/Fire      0%         2d4       95%         4
 Olgreb's Toxic Radiance  Pois           0%         N/A       95%         4
 Petrify                  Tmut/Erth      0%         N/A       95%         4
 Sticky Flame             Conj/Fire      0%         2d3       95%         4
 Alistair's Intoxication  Tmut/Pois      0%         N/A       100%        5
 Freezing Cloud           Conj/Ice/Air   0%         6-21      100%        5
 Metabolic Englaciation   Hex/Ice        0%         N/A       100%        5
 Summon Hydra             Summ           0%         N/A       100%        7


Dungeon Overview and Level Annotations

Branches:
Dungeon (12/15)            Temple (1/1) D:6            Lair (5/5) D:8
  Swamp (0/4) Lair:3        Snake (0/4) Lair:3        Slime (0/5) Lair:5
    Orc (0/2) D:9

Altars:
Ashenzari
Cheibriados
Dithmenos
Elyvilon
Fedhas
Gozag
Hepliaklqana
Kikubaaqudgha
Makhleb
Nemelex Xobeh
Okawaru
Qazlal
Ru
Sif Muna
Trog
Uskayaw
Vehumet
Wu Jian
Xom
Yredelemnul
Zin
The Shining One
Jiyva

Shops:
D:7 [   D:10 =

Portals:
Trove: D:10 (give horn of Geryon)


Innate Abilities, Weirdness & Mutations

You have blades for main tentacles.
You are incapable of wielding weapons or throwing items.
You cannot wear most types of armour.
You are amphibious.
You can wear up to eight rings at the same time.
Your skin changes colour to match your surroundings (Stealth+).
Your rubbery body absorbs attacks. (AC +1, EV +1)
((You are camouflaged when in or above water. (Stealth+)))
You have tentacles for arms and can constrict up to eight enemies at once.


Message History

The boulder beetle is no longer paralysed.
The fire dragon is no longer paralysed.
The boulder beetle leaps!
The fire dragon barely misses you. The fire dragon completely misses you.
The fire dragon tramples you.
You hold your ground!
You slice the fire dragon!!
The troll is no longer paralysed.
The fire dragon breathes flames at you. The blast of flame hits you!!!
* * * LOW HITPOINT WARNING * * *
Uskayaw will force your foes to share their pain.
Uskayaw links your audience in an emotional bond!
You slash the fire dragon!
You kill the fire dragon!
The fire dragon scales are intact enough to wear.
The troll bites you but does no damage. The troll completely misses you. x2
There is an open door, spattered with blood here.
Things that are here:
+0 fire dragon scales; a fire dragon corpse You hit the troll.
You squeeze the troll, but do no damage.
The troll completely misses you. The troll closely misses you. x2
You barely miss the troll. Your slash misses the troll.
The troll is no longer sharing its pain.
The troll completely misses you. The troll claws you but does no damage.
The troll barely misses you.
You slice the troll!! You squeeze the troll. The troll closely misses you.
The troll barely misses you. The troll claws you but does no damage.
You can now merge with and destroy a victim.
You closely miss the troll. You slash the troll.
You kill the troll!
The boulder beetle closely misses you.
There is an open door, spattered with blood here.
You hit the boulder beetle but do no damage.
The boulder beetle barely misses you.
You slice the boulder beetle!! You slash the boulder beetle.
The boulder beetle bites you.
* * * LOW HITPOINT WARNING * * *
You barely miss the boulder beetle. You hit the boulder beetle.
The boulder beetle leaps!
You slash the boulder beetle!
You slash the boulder beetle, but do no damage.
The boulder beetle closely misses you.
You hit the boulder beetle but do no damage.
You slash the boulder beetle! Your slash misses the boulder beetle.
You squeeze the boulder beetle, but do no damage.
The boulder beetle bites you!
* * * LOW HITPOINT WARNING * * *
You hit the boulder beetle but do no damage.
You slash the boulder beetle, but do no damage.
The boulder beetle bites you.
You die...

############# ####
#...........#### ..#######
#..............# ..###...##
#.#.##########.#
..###....###...#..#..#.†#.#
...##..#..##.#.#).'..'..#.#
#...#..##..#.#.##B####'##.#
##....###..#...#@8# #..#.#
##....###..##..#8.# #..#.#
##...####..##..##'##'#'##.#
#########......#..[$.#..#.#
.......###...#.#..#..#..#.#
##...### ##..#.########'#.#
##.## #.##............#
###.# #.#####.###.#####
....# #.# #.....#


You could see a boulder beetle.

Vanquished Creatures
  Gastronok (D:8)
  Harold (D:9)
  2 fire dragons
  5 hydras
  5 two-headed ogres
  An alligator (Lair:5)
  2 centaur warriors
  10 death yaks
  A hell hog (Lair:5)
  Nergalle (Lair:3)
  2 swamp dragons
  A lindwurm (Lair:5)
  A deep elf pyromancer (D:12)
  An arcanist (D:10)
  Pikel (D:9)
  A wolf spider (Lair:2)
  A manticore (D:12)
  Maurice (D:8)
  A cyclops (D:12)
  9 elephants
  4 black mambas
  A torpor snail (Lair:4)
  Maggie (D:9)
  7 cane toads
  A molten gargoyle (Lair:3)
  A kobold demonologist (D:12)
  Psyche (D:8)
  8 rime drakes
  15 komodo dragons
  An unseen horror (D:11)
  11 polar bears
  2 hornets
  4 trolls
  Prince Ribbit (D:7)
  3 raiju (Lair:5)
  17 blink frogs
  6 dream sheep
  Sigmund (D:2)
  2 shadows
  4 wraiths
  3 wyverns
  Grum (D:9)
  24 yaks
  5 basilisks
  3 fire elementals (Lair:3)
  7 steam dragons
  8 vampire mosquitoes
  6 wargs (Lair:5)
  3 nagas (Lair:3)
  8 acid dragons
  12 hell hounds (Lair:5)
  10 water moccasins
  4 orc warriors
  11 black bears (Lair:5)
  3 ice beasts
  A swamp drake (Lair:5)
  A sky beast (D:7)
  31 wolves
  The ghost of Nr616 the Slasher, an amateur MiGl (D:3)
  3 centaurs
  3 ogres (D:9)
  10 bullfrogs
  5 gnoll sergeants
  3 kobold brigands
  2 scorpions
  5 wights (D:8)
  A howler monkey (shapeshifter) (D:10)
  2 electric eels (Lair:5)
  A howler monkey (D:6)
  A lava snake (Lair:3)
  6 jellies
  3 orc priests
  A hound (D:5)
  4 iguanas
  15 orc wizards
  12 gnolls
  14 adders
  A shadow imp (D:6)
  3 white imps
  4 ufetubi (D:7)
  4 worms
  A dart slug (D:3)
  53 orcs
  9 ball pythons
  8 bats
  10 endoplasms
  2 giant cockroaches (D:3)
  4 goblins
  2 hobgoblins
  9 jackals
  10 quokkas
  4 frilled lizards
  16 kobolds
  6 rats
  A butterfly (Lair:4)
519 creatures vanquished.

Notes
Turn   | Place    | Note
-------+----------+-------------------------------------------
     0 | D:1      | James the Octopode Shapeshifter began the quest for the
                  | Orb.
     0 | D:1      | Reached XP level 1. HP: 13/13 MP: 1/1
   149 | D:1      | Reached XP level 2. HP: 13/18 MP: 2/2
   242 | D:1      | Reached skill level 4 in Unarmed Combat
   334 | D:1      | Reached XP level 3. HP: 23/23 MP: 3/3
   957 | D:2      | Found a faded altar of an unknown god.
  1125 | D:2      | Reached XP level 4. HP: 27/28 MP: 4/4
  1202 | D:2      | Noticed Sigmund
  1399 | D:3      | Reached skill level 5 in Unarmed Combat
  1437 | D:3      | Found a runed translucent gate.
  1437 | D:3      | Found a runed translucent gate.
  1439 | D:3      | Found a runed translucent gate.
  1441 | D:3      | Noticed Nr616's ghost (amateur MiGl)
  1442 | D:3      | Identified the +8 spear of Inference {drain, rElec}
  1442 | D:3      | Identified the +0 chain mail of the Gusle {Int+3}
  1568 | D:3      | Reached XP level 5. HP: 32/33 MP: 5/5
  1756 | D:3      | Reached skill level 6 in Unarmed Combat
  3102 | D:4      | Reached XP level 6. HP: 40/40 MP: 6/6
  4039 | D:5      | Entered Level 5 of the Dungeon
  4150 | D:5      | Identified the +7 sling of James's Extinguishment {freeze,
                  | rElec rF+ Stlth+}
  4470 | D:5      | Noticed an ice beast
  4488 | D:5      | Killed an ice beast
  4584 | D:5      | Reached XP level 7. HP: 46/46 MP: 7/7
  5025 | D:6      | Found a staircase to the Ecumenical Temple.
  5035 | Temple   | Entered the Ecumenical Temple
  5067 | D:6      | Noticed a troll
  5267 | D:6      | Reached skill level 5 in Shapeshifting
  5395 | D:6      | Killed a troll
  5396 | D:6      | Reached skill level 7 in Unarmed Combat
  5396 | D:6      | Reached XP level 8. HP: 27/52 MP: 8/8
  5717 | D:7      | Found Ore Dats's Antique Armour Shoppe.
  5729 | D:7      | Noticed Prince Ribbit
  5734 | D:7      | Noticed a hornet
  5746 | D:7      | Killed a hornet
  5757 | D:7      | Killed Prince Ribbit
  6059 | D:7      | Reached XP level 9. HP: 58/58 MP: 9/9
  6403 | D:7      | Reached skill level 8 in Unarmed Combat
  6773 | D:7      | Found Ore Dats's Antique Armour Shoppe.
  7335 | D:8      | Reached skill level 9 in Unarmed Combat
  7526 | D:8      | Found a snail-covered altar of Cheibriados.
  7528 | D:8      | Found an iron altar of Okawaru.
  7528 | D:8      | Found a shadowy altar of Dithmenos.
  7529 | D:8      | Found a glowing golden altar of the Shining One.
  7554 | D:8      | Noticed Maurice
  7565 | D:8      | Killed Maurice
  7566 | D:8      | Reached skill level 5 in Fighting
  7566 | D:8      | Reached skill level 5 in Dodging
  7798 | D:8      | Noticed a two-headed ogre
  7807 | D:8      | Killed a two-headed ogre
  7900 | D:8      | Reached XP level 10. HP: 68/68 MP: 10/10
  7985 | D:8      | Noticed Gastronok
  8145 | D:8      | Found a sacrificial altar of Ru.
  8272 | D:8      | Reached skill level 10 in Unarmed Combat
  8779 | D:9      | Noticed a two-headed ogre
  8786 | D:9      | Killed a two-headed ogre
  8864 | D:9      | Noticed Psyche
  8867 | D:9      | Noticed a two-headed ogre
  8873 | D:8      | Killed Psyche
  9134 | D:9      | Noticed a two-headed ogre
  9195 | D:9      | Noticed Pikel
  9257 | D:9      | Killed a two-headed ogre
  9278 | D:9      | Noticed Maggie
  9401 | D:9      | Killed Maggie
  9632 | D:9      | Noticed Grum
  9674 | D:9      | Killed Grum
  9675 | D:9      | Reached XP level 11. HP: 49/75 MP: 11/11
  9763 | D:9      | Found an ancient bone altar of Kikubaaqudgha.
  9782 | D:9      | Found a hide-covered altar of Uskayaw.
  9786 | D:9      | Became a worshipper of Uskayaw the Reveller
  9827 | D:9      | Reached * piety under Uskayaw
  9829 | D:9      | Reached ** piety under Uskayaw
  9831 | D:9      | Killed Pikel
  9879 | D:9      | Noticed Harold
  9892 | D:9      | Reached *** piety under Uskayaw
  9895 | D:9      | Reached **** piety under Uskayaw
  9896 | D:9      | Killed Harold
  9897 | D:9      | Reached skill level 10 in Shapeshifting
  9912 | D:9      | Reached ***** piety under Uskayaw
 10150 | D:9      | Identified the +4 falchion of Jeur {freeze, Will+ Str+4
                  | SInv}
 10235 | D:9      | Killed a two-headed ogre
 10504 | D:9      | Found a staircase to the Orcish Mines.
 11150 | D:9      | Found a shimmering blue altar of Sif Muna.
 11192 | D:9      | Found a hide-covered altar of Uskayaw.
 11194 | D:9      | Found an ancient bone altar of Kikubaaqudgha.
 11642 | D:9      | Found a staircase to the Orcish Mines.
 11673 | D:10     | Entered Level 10 of the Dungeon
 11934 | D:10     | Found a runed translucent door.
 11934 | D:10     | Noticed a six-headed hydra
 12052 | D:10     | Noticed a two-headed ogre
 12059 | D:10     | Killed a two-headed ogre
 12086 | D:10     | Noticed an arcanist
 12093 | D:10     | Killed an arcanist
 12187 | D:10     | Found a portal to a secret trove of treasure.
 12290 | D:10     | Found Zept's One-of-a-Kind Rings.
 12585 | D:11     | Noticed a manticore
 13023 | D:11     | Noticed a centaur warrior
 13043 | D:11     | Reached ****** piety under Uskayaw
 13045 | D:11     | Killed a centaur warrior
 13046 | D:11     | Reached XP level 12. HP: 9/81 MP: 12/12
 13993 | D:2      | Killed Sigmund
 14111 | D:3      | Killed Nr616's ghost
 14612 | D:8      | Found a staircase to the Lair.
 14622 | D:8      | Killed Gastronok
 14689 | Lair:1   | Entered Level 1 of the Lair of Beasts
 15728 | Lair:1   | Identified a scroll of acquirement
 15957 | Lair:1   | Acquired 951 gold pieces
 16078 | D:10     | Bought the ring "Cekkikka" {rPois AC+6} for 1070 gold
                  | pieces
 16361 | Lair:2   | Reached skill level 11 in Unarmed Combat
 16387 | Lair:2   | Noticed a six-headed hydra
 16542 | Lair:2   | Reached XP level 13. HP: 84/90 MP: 13/13
 16753 | Lair:2   | Reached skill level 12 in Unarmed Combat
 17438 | Lair:3   | Reached skill level 13 in Unarmed Combat
 17642 | Lair:3   | Noticed Nergalle
 17652 | Lair:3   | Killed Nergalle
 17856 | Lair:3   | Reached skill level 14 in Unarmed Combat
 18344 | Lair:3   | Found a staircase to the Snake Pit.
 18578 | Lair:3   | Found a staircase to the Swamp.
 18966 | D:10     | Bought a +2 ring of strength for 36 gold pieces
 19317 | Lair:3   | Reached skill level 15 in Unarmed Combat
 19439 | Lair:4   | Identified the amulet of Feihu {Faith Drain Fly rC+++
                  | Will+}
 19806 | Lair:4   | Reached XP level 14. HP: 98/98 MP: 14/14
 19902 | Lair:4   | Reached skill level 10 in Fighting
 20482 | Lair:5   | Entered Level 5 of the Lair of Beasts
 20698 | Lair:5   | Reached skill level 16 in Unarmed Combat
 21430 | Lair:5   | Identified the scarf "Ysasasch" {+Inv, rC+}
 21625 | Lair:5   | Found a viscous altar of Jiyva.
 21627 | Lair:5   | Found a staircase to the Slime Pits.
 22187 | Lair:5   | Identified the maw talisman "Ymoites" {rElec rF+ Str+3}
 22407 | Lair:5   | Reached skill level 17 in Unarmed Combat
 23332 | D:12     | Reached XP level 15. HP: 92/103 MP: 15/15
 23880 | D:10     | HP: 4/103 [boulder beetle (17)]
 23881 | D:10     | Slain by a boulder beetle

Illustrated notes

Levels and vault maps discovered:
D:1:      dpeg_arrival_three_smaller_balls, layout_basic
D:2:      layout_rooms, ebering_ecumenical_altar_webs, uniq_sigmund
D:3:      layout_loops_ring, biasface_ghost_orc_armoury
D:4:      layout_loops_corners
D:5:      layout_loops_corners
D:6:      layout_cave_pools, minmay_temple_entry_statues_fountains
D:7:      layout_loops_cross, serial_shops, nicolae_shop_advertising_works
          [nicolae_subvault_shop_adworks], uniq_prince_ribbit1
D:8:      layout_loops_corners, chequers_temple_overflow_statue_of_worship,
          nicolae_ru_awakened_eye, lair_entry_dummy, uniq_maurice,
          uniq_gastronok
D:9:      layout_small_grid, mainiacjoe_overflow_big_doors,
          lemuel_blue_sif_altar, kennysheep_orc_monster_closet_entryway,
          uniq_psyche, uniq_pikel, uniq_harold, uniq_maggie, uniq_grum
D:10:     layout_loops_ring, enter_trove_1, hangedman_glass_teeth,
          nicolae_shop_unique_rings, minivault_13
D:11:     layout_basic
D:12:     layout_roguey
Temple:   eino_temple_water
Lair:1:   layout_cave_pods, grunt_megastairs_4, infiniplex_staircase_pool
Lair:2:   minmay_lair_venomous_thicket, layout_cave_shapes
Lair:3:   layout_gridlike, minmay_swamp_entry_reptiles,
          guppyfry_snake_entry_garden, uniq_nergalle
Lair:4:   layout_loops_ring, minmay_lindwurm_lava, serial_bayou_shore_b,
          infiniplex_staircase_pool_2, lemuel_fruit_fields
Lair:5:   guppyfry_lair_end_dragon, layout_loops_ring,
          hangedman_lair_caniforms_friends, slime_entry_2, disabler_island

Skill      XL: |  1  2  3  4  5  6  7  8  9 10 11 12 13 14 |
---------------+-------------------------------------------+-----
Unarmed Combat | 4 5 6 7 9 10 11 15 17 | 17.0
Fighting       | 2 3 4 6 7 9 10 | 10.0
Dodging        | 3 4 6 7 9 |  9.0
Shapeshifting  | 4 5 7 9 12 13 14 | 14.8

Action                     |  1- 3 |  4- 6 |  7- 9 | 10-12 | 13-15 || total
---------------------------+-------+-------+-------+-------+-------++-------
  Melee: Unarmed           |    83 |   112 |    55 |   307 |   556 ||  1113
         Constrict         |    17 |    21 |     6 |    43 |    60 ||   147
         Tentacles         |     4 |    21 |    10 |    86 |   120 ||   241
         Punch             |     2 |     5 |     3 |    23 |    57 ||    90
   Fire: Sling             |       |    23 |   129 |   177 |       ||   329
  Throw: Stone             |     4 |     4 |       |       |       ||     8
 Invoke: Line Pass         |       |       |       |       |     1 ||     1
  Evoke: Wand              |       |       |       |       |     1 ||     1
    Use: Scroll            |       |     8 |     4 |     9 |     9 ||    30
         Potion            |       |       |       |     1 |       ||     1
   Stab: Sleeping          |     5 |     9 |       |     3 |     2 ||    19
         Distracted        |       |     1 |       |       |     1 ||     2
         Paralysed         |       |       |       |    24 |    35 ||    59
 Armour: Skin              |    26 |    24 |    37 |   181 |   237 ||   505
  Dodge: Dodged            |    50 |    62 |    74 |   360 |   519 ||  1065
   Form: Blade             |       |       |       |     1 |       ||     1

Table legend: (Time is in decaauts)
 A = Elapsed time spent in this place.
 B = Non-inter-level travel time spent in this place.
 C = Inter-level travel time spent in this place.
 D = Time resting spent in this place.
 E = Time spent auto-exploring this place.
 F = Levels seen in this place.
 G = Mean time per level.
                   A        B        C        D        E       F      G
               +--------+--------+--------+--------+--------+-----+--------+
         Total |  23796 |  21293 |   2503 |   4187 |  12682 |  18 | 1322.0 |
       Dungeon |  16212 |  14241 |   1971 |   2393 |   9109 |  12 | 1351.0 |
        Temple |      1 |      1 |      0 |      0 |      0 |   1 |    1.0 |
          Lair |   7582 |   7051 |    531 |   1794 |   3573 |   5 | 1516.4 |
               +--------+--------+--------+--------+--------+-----+--------+

Top non-repeatable levels by time:
     D:8: 2751 daAuts
     D:9: 2227 daAuts
  Lair:5: 1917 daAuts
     D:4: 1866 daAuts
  Lair:1: 1633 daAuts
     D:7: 1569 daAuts
    D:10: 1527 daAuts
  Lair:2: 1519 daAuts
  Lair:3: 1437 daAuts
     D:3: 1254 daAuts
  Lair:4: 1074 daAuts
     D:5: 1049 daAuts
    D:11: 1039 daAuts
     D:1: 871 daAuts
    D:12: 776 daAuts
